Unix NetHack Version 5.0.0-0 post-release - last build May 31 2026 23:59:36 (970b52f25bf058293b47ddfd14a1e40e571c508c,branch:main).

Game began 2026-06-09 08:04:11, ended 2026-06-09 08:12:19.

LDaviesPeters, neutral female human Archeologist

 ------------
 |...........########`                     -------
 |..........|     ------------            #......|
 |...........#    |...`>..^.(.         ####|F....|             ------
 ---|--------#####.%..........##########   |.....|             |.+[!|
    #####         ------------             |.@@...#############-.[%[|
        #                                  -.---|-             |.[![|
        #                                   #   ###            ------
        #                                   #     ####
  ------|----                              ##        #########
  |.........|                             -.---              #
  |.........|                             |.>.|           ## ####
  |..........#############################....|          --.----|-----
  -----------                             |...| #########.*..........|
                                          |...|##        |...........|
                                          |...-#         |.........).|
                                          -----          |.`.........|
                                                         -------------

LDaviesPeters the Field Worker  St:16 Dx:9 Co:13 In:16 Wi:13 Ch:9  Neutral
Dlvl:2  $:21 HP:0(26) Pw:20(20) AC:9  Xp:4 T:849 

Latest messages:
 The sack is empty.
 What do you want to use or apply? [abfgknpq or ?*] p
 You now wield a +0 pick-axe.
 You hear the chime of a cash register.
 In what direction do you want to dig? [47321>] 2
 You start digging.
 You hit the rock with all your might.
 You make an opening in the wall.
 You start digging.
 You hit the rock with all your might.
 You succeed in cutting away some rock.
 What do you want to wield? [- alprs or ?*] a
 a - a +2 bullwhip (weapon in right hand).
 You descend the stairs.
 Wait!  There's something there you can't see!
 You lash it.
 It hits!
 You kill it!
 Welcome to experience level 4.
 You are hit by a thonged club.
 The thonged club returns to its hand!
 The gnome picks up a thonged club.
 You kill the gnome!
 There are several objects here.
 t - a pancake.
 u - a blindfold.
 There is a gnome lord corpse here; eat it? [ynq] (n) y
 This gnome lord corpse is fatty.
 You hear rumbling nearby.
 You finish eating the gnome lord corpse.
 Click!  You trigger a rolling boulder trap!
 You are hit by a boulder!
 v - a bag.
 With great effort you move the boulder.
 You climb up the stairs.
 You hear a jackal howling at the moon.
 You stop waiting.
 You lash the werejackal.
 The werejackal bites!
 You lash the werejackal.
 The werejackal changes into a human.
 The werejackal hits!
 You miss the werejackal.
 The werejackal hits!
 You die...
 Do you want your possessions identified? [ynq] (y) y
 Do you want to see your attributes? [ynq] (y) y
 Do you want an account of creatures vanquished? [ynaq] (y) n
 Do you want to see your conduct and achievements? [ynq] (y) y
 Do you want to see the dungeon overview? [ynq] (y) n

Inventory:
 Coins    ('$')
  $ - 21 gold pieces
 Weapons  (')')
  r - 10 cursed +0 darts
  s - 2 +0 daggers
  l - a +0 orcish dagger
  a - a +2 bullwhip (weapon in right hand)
 Armor    ('[')
  c - an uncursed +0 fedora (being worn)
  m - a cursed +0 orcish helm
  h - an uncursed +0 leather jacket (being worn)
 Comestibles  ('%')
  d - 5 uncursed food rations
  t - a cursed pancake
 Scrolls  ('?')
  i - a blessed scroll of identify
 Potions  ('!')
  j - an uncursed potion of object detection
 Wands    ('/')
  n - a wand of digging (0:7)
 Tools    ('(')
  b - an empty uncursed sack
  v - a cursed bag of tricks (0:17)
  u - an uncursed blindfold
  p - a +0 pick-axe
  k - an uncursed skeleton key
  q - an uncursed partly used tallow candle
  f - a tinning kit (0:49)
 Gems/Stones  ('*')
  g - an uncursed touchstone

LDaviesPeters the Archeologist's attributes:

Background:
 You were a Field Worker, a level 4 female human Archeologist.
 You were neutral, on a mission for Camaxtli
 who was opposed by Quetzalcoatl (lawful) and Huhetotl (chaotic).
 You were right-handed.
 You were in the Dungeons of Doom, on level 2.
 You entered the dungeon 849 turns ago.
 You had 93 experience points, 67 more were needed to attain level 5.

Basics:
 You had 0 out of 26 hit points.
 You had all 20 energy points (spell power).
 Your armor class was 9.
 Your wallet contained 21 zorkmids.
 Autopickup was off.

Final Characteristics:
 Your strength was 16 (limit:18/100).
 Your dexterity was 9 (limit:18).
 Your constitution was 13 (limit:18).
 Your intelligence was 16 (limit:18).
 Your wisdom was 13 (limit:18).
 Your charisma was 9 (limit:18).

Final Status:
 You weren't hungry.
 You were unencumbered.
 You were wielding a whip.
 You had basic skill with whip.

Final Attributes:
 You were fervently aligned.
 You had automatic searching.
 You were lucky.
 You are dead.

Miscellaneous:
 You didn't encounter any bones levels.
 Total elapsed playing time was 8 minutes and 7 seconds.

Major events:
 Turn
    1: LDaviesPeters the neutral female human Archeologist entered the dungeon
  458: attained the rank of Field Worker (level 3)
  502: entered the Gnomish Mines
  849: killed by a werejackal

You didn't know any spells.

Skills:
 Fighting Skills
   bare handed combat [Unskilled]
   two weapon combat  [Unskilled]
   riding             [Unskilled]
 Weapon Skills
   dagger             [Unskilled]
   knife              [Unskilled]
   pick-axe           [Basic]
   short sword        [Unskilled]
   saber              [Unskilled]
   club               [Unskilled]
   quarterstaff       [Unskilled]
   sling              [Unskilled]
   dart               [Unskilled]
   boomerang          [Unskilled]
   whip               [Basic]
   unicorn horn       [Unskilled]
 Spellcasting Skills
   attack spells      [Unskilled]
   healing spells     [Unskilled]
   divination spells  [Unskilled]
   matter spells      [Unskilled]

Voluntary challenges:
 Character rerolling was not enabled.
 You were an atheist.
 You never genocided any monsters.
 You never polymorphed an object.
 You never changed form.
 You used no wishes.
Achievements:
 You entered a shop.
 You attained the rank of Field Worker.
 You entered the Gnomish Mines.

 The Dungeons of Doom: levels 1 to 3
    Level 1:
       A fountain.
    Level 2: <- You were here.
       A general store.
       Stairs down to The Gnomish Mines.
       Final resting place for
          you, killed by a werejackal.
    Level 3:
 The Gnomish Mines:
    Level 3:


Vanquished creatures:
  a gnome leader
  2 hobbits
  4 gnomes
  a gnome zombie
  a jackal
  a fox
  a kobold
  3 goblins
  a sewer rat
  2 grid bugs
  2 lichens
  2 kobold zombies
  a newt
22 creatures vanquished.

No species were genocided or became extinct.

Game over:
                       ----------
                      /          \
                     /    REST    \
                    /      IN      \
                   /     PEACE      \
                  /                  \
                  |  LDaviesPeters   |
                  |      21 Au       |
                  |   killed by a    |
                  |    werejackal    |
                  |                  |
                  |                  |
                  |       2026       |
                 *|     *  *  *      | *
        _________)/\\_//(\/(/\)/\//\/|_)_______

Goodbye LDaviesPeters the Archeologist...

You died in The Dungeons of Doom on dungeon level 2 with 491 points,
and 21 pieces of gold, after 849 moves.
You were level 4 with a maximum of 26 hit points when you died.

